 Dungeon Crawl Stone Soup version 0.22-a0-848-ge9e22a0 (webtiles) character file.

58 Amnesiac the Digger (level 3, -9/24 HPs)
             Began as a Mummy Earth Elementalist on July 27, 2018.
             Mangled by Sigmund
             ... wielding a +0 scythe
              (11 damage)
             ... on level 3 of the Dungeon.
             The game lasted 00:03:14 (1171 turns).

Amnesiac the Digger (Mummy Earth Elementalist)      Turns: 1171, Time: 00:03:15

Health: -9/24      AC:  4    Str: 11    XL:     3   Next: 75%
Magic:  0/8        EV: 12    Int: 15    God:
Gold:   118        SH:  0    Dex: 12    Spells: 3/9 levels left

rFire    x . .     SeeInvis .   b - -3 hunting sling (curse)
rCold    + . .     Gourm    .   (no shield)
rNeg     + + +     Faith    .   c - +1 robe
rPois    ∞         Spirit   .   (no helmet)
rElec    .         Reflect  .   (no cloak)
rCorr    .         Harm     .   (no gloves)
MR       .....                  d - +0 pair of boots
Stlth    ++........             (no amulet)
HPRegen  0.08/turn              e - ring of wizardry
MPRegen  0.11/turn              (no ring)

@: no status effects
A: no food or potions, fire vulnerability, cold resistance 1, negative energy
resistance 3, torment resistance, unbreathing
a: no special abilities


You were on level 3 of the Dungeon.
You were not hungry.

You visited 1 branch of the dungeon, and saw 3 of its levels.

You collected 118 gold pieces.

Inventory:

Hand Weapons
 a - a +1 vampiric short sword
 b - a cursed -3 hunting sling (weapon)
Missiles
 g - 143 stones
 h - 10 sling bullets (quivered)
Armour
 c - a +1 robe (worn)
 d - a +0 pair of boots (worn)
Jewellery
 e - a ring of wizardry (left hand)


   Skills:
 - Level 1.5 Dodging
 - Level 1.5 Stealth
 + Level 3.5 Spellcasting
 - Level 0.7 Transmutations
 * Level 3.5 Earth Magic


You had 3 spell levels left.
You knew the following spells:

 Your Spells              Type           Power        Failure   Level  Hunger
a - Sandblast             Erth           ##....       1%          1    N/A
b - Passwall              Tmut/Erth      #.......     4%          2    N/A
c - Stone Arrow           Conj/Erth      #.....       11%         3    N/A

Your spell library contained the following spells:

 Spells                   Type           Power        Failure   Level  Hunger
 Lee's Rapid Deconstruct  Erth           ##........   43%         5    N/A
 Petrify                  Tmut/Erth      #.......     30%         4    N/A

Dungeon Overview and Level Annotations

Branches:
Dungeon (3/15)

Altars:
Ashenzari
Wu Jian

Annotations:
D:3 Sigmund


Innate Abilities, Weirdness & Mutations

You do not eat or drink.
Your flesh is vulnerable to fire.
You are immune to poison.
Your flesh is cold resistant. (rC+)
You are immune to negative energy. (rN+++)
You are immune to unholy pain and torment.
You can survive without breathing.


Message History

Aim: Sigmund, wielding a scythe and wearing a robe The blast of sand hits Sigmund.
Sigmund is lightly wounded.
g - 149 stones
Casting: Sandblast (safe; 1% risk of failure)
Confirm with . or Enter, or press ? or * to list all spells.
Aiming: Sandblast (safe; 1% risk of failure)
Press: ? - help, Shift-Dir - straight line, f/p - Sigmund
Aim: Sigmund, wielding a scythe and wearing a robe (lightly wounded)
The blast of sand hits Sigmund.
Sigmund is lightly wounded.
g - 148 stones Sigmund screams, "Don't try to resist!"
Sigmund points at you and mumbles some strange words.
You resist with some effort.
Casting: Sandblast (safe; 1% risk of failure)
Confirm with . or Enter, or press ? or * to list all spells.
Aiming: Sandblast (safe; 1% risk of failure)
Press: ? - help, Shift-Dir - straight line, f/p - Sigmund
Aim: Sigmund, wielding a scythe and wearing a robe (lightly wounded)
The blast of sand hits Sigmund.
Sigmund is moderately wounded.
g - 147 stones Sigmund mumbles some strange words.
Sigmund flickers and vanishes!
Deactivating autopickup; reactivate with Ctrl-A.
Casting: Sandblast (safe; 1% risk of failure)
Confirm with . or Enter, or press ? or * to list all spells.
You can't see any susceptible monsters within range! (Use Z to cast anyway.)
Casting: Sandblast (safe; 1% risk of failure)
Confirm with . or Enter, or press ? or * to list all spells.
You can't see any susceptible monsters within range! (Use Z to cast anyway.)
Casting: Sandblast (safe; 1% risk of failure)
Confirm with . or Enter, or press ? or * to list all spells.
You can't see any susceptible monsters within range! (Use Z to cast anyway.)
Casting: Sandblast (safe; 1% risk of failure)
Confirm with . or Enter, or press ? or * to list all spells.
Aiming: Sandblast (safe; 1% risk of failure)
Press: ? - help, Shift-Dir - straight line
g - 146 stones Something hits you!
* * * LOW HITPOINT WARNING * * *
Casting: Sandblast (safe; 1% risk of failure)
Confirm with . or Enter, or press ? or * to list all spells.
Aiming: Sandblast (safe; 1% risk of failure)
Press: ? - help, Shift-Dir - straight line The blast of sand hits something.
g - 145 stones Something hits you!
* * * LOW HITPOINT WARNING * * *
Casting: Sandblast (safe; 1% risk of failure)
Confirm with . or Enter, or press ? or * to list all spells.
Aiming: Sandblast (safe; 1% risk of failure)
Press: ? - help, Shift-Dir - straight line The blast of sand hits something.
g - 144 stones
Casting: Sandblast (safe; 1% risk of failure)
Confirm with . or Enter, or press ? or * to list all spells.
Aiming: Sandblast (safe; 1% risk of failure)
Press: ? - help, Shift-Dir - straight line The blast of sand hits something.
g - 143 stones Something hits you!
You die...

.####...<.............+
............# #......#
............ ###......#
............##........#####
.....>.....................
................#.....#####
........########.......#
.....%..########.####†#####
#####.....@................
#.##########...)#...... ...
#....#.##### ..# #....###
.... #....# .@. #....# ..
#.#### #.# #.#


There were no monsters in sight!

Vanquished Creatures
  An adder (D:3)
  2 oozes
  A worm (D:3)
  A dart slug (D:3)
  A leopard gecko (D:1)
  A ball python (D:2)
  4 bats
  2 goblins (D:1)
  4 hobgoblins (D:1)
  4 jackals (D:2)
  5 kobolds
  A quokka (D:3)
  3 frilled lizards
  5 rats
35 creatures vanquished.

Notes
Turn   | Place    | Note
-------+----------+-------------------------------------------
     0 | D:1      | Amnesiac the Mummy Earth Elementalist began the quest for the Orb.
     0 | D:1      | Reached XP level 1. HP: 13/13 MP: 4/4
    98 | D:1      | Reached XP level 2. HP: 10/19 MP: 5/5
   102 | D:1      | Learned a level 2 spell: Passwall
   307 | D:1      | Found a shattered altar of Ashenzari.
   714 | D:2      | Reached XP level 3. HP: 23/24 MP: 7/7
   838 | D:2      | Found an ornate altar of the Wu Jian Council.
  1054 | D:3      | Learned a level 3 spell: Stone Arrow
  1155 | D:3      | Noticed Sigmund
  1171 | D:3      | Mangled by Sigmund

Vault maps used:
D:1:      dpeg_arrival_stone_temple_mockup, ashenzari_altar_1
D:2:      lemuel_coloured_pillars_altar, first_ration
D:3:      uniq_sigmund

Skill      XL: |  1  2 |
---------------+-------+-----
Earth Magic    | 3 |  3.5
Spellcasting   | 3 |  3.5
Dodging        | |  1.5
Stealth        | |  1.5
Transmutations | |  0.7

Action                   || total
-------------------------++-------
Melee: Short sword       ||    72
 Fire: Hunting sling     ||    56
 Cast: Sandblast         ||    30
  Use: Scroll            ||     2
 Stab: Sleeping          ||     2
Armor: Robe              ||    23
Dodge: Dodged            ||    71

Table legend:
 A = Spawn XP
 B = Non-spawn XP
 C = Spawn XP percentage of total XP
 D = Spawn monster count
 E = Non-spawn monster count
 F = Spawn count percentage of total count
 G = Total turns spent on level
                    A         B        C        D         E        F      G
               +---------+---------+-------+---------+---------+-------+---------
         Total |       0 |      83 |   0.0 |       0 |      35 |   0.0 |  1171
               +---------+---------+-------+---------+---------+-------+---------
           D:1 |       0 |      30 |   0.0 |       0 |      15 |   0.0 |   660
           D:2 |       0 |      19 |   0.0 |       0 |      13 |   0.0 |   263
           D:3 |       0 |      34 |   0.0 |       0 |       7 |   0.0 |   248
               +---------+---------+-------+---------+---------+-------+---------
